 Dungeon Crawl Stone Soup version 0.27-a0-1280-g9d2d252d84 (webtiles) character file.

Game seed: 17804864726839128046

17053 Glokmah the Basher (level 12, -4/126 HPs)
             Began as a Troll Chaos Knight on June 13, 2021.
             Was a Plaything of Xom.
             Killed from afar by an electric eel (11 damage)
             ... with a bolt of electricity
             ... on level 2 of the Lair of Beasts.
             The game lasted 00:20:21 (9780 turns).

Glokmah the Basher (Troll Chaos Knight)             Turns: 9780, Time: 00:20:24

Health: -4/126     AC:  7    Str: 21 (22) XL:     12   Next: 15%
Magic:  11/11      EV: 10    Int:  8      God:    Xom [...*..]
Gold:   521        SH:  5    Dex: 10      Spells: 11/11 levels left

rFire    . . .     SeeInvis +   A - +2 giant spiked club
rCold    + . .     Faith    .   (shield currently unavailable)
rNeg     . . .     Spirit   .   y - +0 swamp dragon scales
rPois    +         Reflect  +   (helmet restricted)
rElec    .         Harm     .   v - +1 cloak
rCorr    .         Rampage  .   (gloves unavailable)
Will     .....                  (boots unavailable)
Stlth    ..........             i - amulet of reflection
HPRegen  1.31/turn              (no ring)
MPRegen  0.12/turn              (no ring)

@: about to teleport, slowed, very slow
A: large, unfitting armour, claws 3, regeneration 1, shaggy fur 1, tough skin 1,
beak, see invisible, clumsy 1, cold resistance 1, deformed body, deterioration
1, robust 1, weak 1, MP-powered wands
a: Renounce Religion


You were on level 2 of the Lair of Beasts.
You worshipped Xom.
You were a favourite toy of Xom.
You visited 2 branches of the dungeon, and saw 12 of its levels.

You collected 563 gold pieces.
You spent 42 gold pieces at shops.

Inventory:

Hand Weapons
 a - the +9 whip of Linearity {flame, rElec Str+3}
   (You found it on level 7 of the Dungeon)

   It has been specially enchanted to burn those struck by it, causing extra
   injury to most foes and up to half again as much damage against particularly
   susceptible opponents.
   It affects your strength (+3).
   It insulates you from electricity.
 c - a +0 mace of chaos
 h - the +6 flail of Conversion {drain, Int+9}
   (You found it on level 5 of the Dungeon)

   A truly terrible weapon, it drains the life of those it strikes.
   It affects your intelligence (+9).
 A - a +2 giant spiked club (weapon)
Missiles
 e - 58 poisoned darts
 n - 24 large rocks (quivered)
 w - 2 boomerangs of dispersal
 B - 3 throwing nets
Armour
 v - a +1 cloak (worn)
 y - +0 swamp dragon scales (worn)
Jewellery
 i - an amulet of reflection (around neck)
Wands
 m - a wand of flame (49)
 o - a wand of iceblast (8)
 r - a wand of digging (24)
 u - a wand of charming (11)
Scrolls
 f - 2 scrolls of teleportation
 p - a scroll of immolation
 q - 2 scrolls of fear
 s - 5 scrolls of noise
 x - 3 scrolls of identify
 z - 2 scrolls of fog
Potions
 d - a potion of lignification
 g - 5 potions of curing
 j - a potion of brilliance
 k - 2 potions of invisibility
 l - a potion of magic
 t - 4 potions of degeneration


   Skills:
 + Level 6.6 Fighting
 * Level 13.4 Maces & Flails
 * Level 9.1 Throwing
 + Level 6.3 Dodging


You had 11 spell levels left.
You didn't know any spells.
Your spell library contained the following spells:

 Spells                   Type           Power      Damage    Failure   Level
 Animate Skeleton         Necr           0%         N/A       58%         1
 Apportation              Tloc           0%         N/A       58%         1
 Corona                   Hex            0%         N/A       58%         1
 Magic Dart               Conj           0%         1d3       58%         1
 Summon Small Mammal      Summ           0%         N/A       58%         1
 Searing Ray              Conj           0%         3d3       73%         2
 Dazzling Flash           Conj/Hex       0%         N/A       91%         3
 Fulminant Prism          Conj/Hex       0%         3d6       100%        4
 Iskenderun's Mystic Bla  Conj/Tloc      0%         2d3       100%        4


Dungeon Overview and Level Annotations

Branches:
Dungeon (10/15)            Temple (0/1) D:4            Lair (2/6) D:9
  Swamp (0/4) Lair:2          Orc (0/2) D:10
  Snake: Lair:2-4    Spider: Lair:2-4

Altars:
Cheibriados
Dithmenos
Fedhas
Gozag
Nemelex Xobeh
Okawaru
Sif Muna
Uskayaw
Wu Jian
Xom
Beogh

Shops:
D:5 *


Innate Abilities, Weirdness & Mutations

You are too large for most types of armour.
You have claws for hands.
Your natural rate of healing is unusually fast.
You are covered in fur. (AC +1)
You have tough skin. (AC +1)
You have a beak for a mouth.
You have supernaturally acute eyesight. (SInv)
You are clumsy. (Dex -2)
Your flesh is cold resistant. (rC+)
Armour fits poorly on your strangely shaped body.
Your body sometimes deteriorates upon taking damage.
You are robust. (+10% HP)
You are weak. (Str -2)
You expend magic power (3 MP) to strengthen your wands.


Message History

The swamp worm bites you!
* * * LOW HITPOINT WARNING * * *
The bog body casts a spell at you. The bolt of cold misses you.
The swamp worm barely misses you.
The bog body points at you and mumbles some strange words.
You feel as though you will be slow longer.
You stick the swamp worm like a pincushion!!!
You kill the swamp worm!
Your hound barely misses the bog body.
The electric eel shoots out a bolt of lightning at you!
The bolt of electricity hits you.
* * * LOW HITPOINT WARNING * * *
Your hound barely misses the bog body.
The bog body points at you and mumbles some strange words.
The bolt of cold hits you! You resist.
* * * LOW HITPOINT WARNING * * *
The electric eel shoots out a bolt of lightning at you!
The bolt of electricity hits you!
* * * LOW HITPOINT WARNING * * *
Your hound bites the bog body.
You feel better.
Your hound barely misses the bog body.
The bog body barely misses you.
Your hound misses the bog body. The bog body touches you.
* * * LOW HITPOINT WARNING * * *
The bog body freezes you! You resist.
* * * LOW HITPOINT WARNING * * *
Unknown command.
Blink to where?
Press: ? - help, Dir - move target
As you read the scroll of blinking, it crumbles to dust.
Your hound bites the electric eel.
As you read the scroll of teleportation, it crumbles to dust.
You feel strangely unstable.
Your hound barely misses the electric eel.
The bog body gestures at you while chanting.
The bolt of cold hits your hound!
Your hound bites the bog body.
The electric eel shoots out a bolt of lightning at you!
The bolt of electricity hits you!
You die...
Xom chuckles heartily!

......########...........### ###
....### ##............###.##
..#..# ##.#................
.....# #####....♣................
..P#.###P.......♣♣♣♣♣♣♣♣.........
..##..#....♣♣♣♣♣♣♣♣♣♣♣♣♣♣♣♣♣.....
.. ##....♣♣♣≈≈≈≈≈≈≈≈≈≈≈≈≈≈≈♣♣....
.. #...⌠...♣...♣.....♣..§§♣♣....
. #...⌠.†.....@.....hn.>§♣♣...P
#....♣♣♣≈≈≈≈≈♣≈≈≈≈;≈≈≈≈♣♣....
###....♣♣♣♣♣♣♣♣♣♣♣♣♣♣♣♣♣.....
#.PP.. #.... #####.# ##... .#
#... ##.P ### ##


You could see a bog body (ally target), an electric eel and a friendly hound
(summoned).

Vanquished Creatures
  Harold (D:8)
  A bog body (Lair:2)
  2 cyclopes
  Maurice (D:8)
  A black mamba (Lair:1)
  A cane toad (Lair:2)
  Maggie (D:6)
  A rime drake (Lair:2)
  4 komodo dragons
  Prince Ribbit (D:8)
  2 humans (D:7)
  A wyvern (D:10)
  18 yaks
  A basilisk (Lair:1)
  3 acid dragons
  Edmund (D:5)
  2 swamp worms (Lair:2)
  Duvessa (D:6)
  3 water moccasins
  7 orc warriors
  A hornet zombie (D:7)
  3 sky beasts
  An ogre (D:4)
  6 wolves
  The ghost of Kinoniko the Insei, an amateur GnTm (D:3)
  3 centaurs
  A lemure (D:8)
  Blork the orc (D:5)
  A kobold brigand (D:7)
  2 scorpions
  6 bullfrogs
  A gnoll sergeant (D:10)
  Dowan (D:6)
  11 wights
  3 electric eels
  12 howler monkeys
  3 centaur zombies
  A bullfrog zombie (D:5)
  A jelly (D:6)
  2 hounds (D:5)
  9 orc priests
  An iguana (D:6)
  6 orc wizards
  A killer bee zombie (D:7)
  A hound zombie (D:5)
  A hound skeleton (D:5)
  7 gnolls
  6 adders
  2 ufetubi (D:5)
  An adder skeleton (D:4)
  A worm (D:2)
  A dart slug (D:5)
  44 orcs
  6 ball pythons
  12 endoplasms
  4 giant cockroaches
  7 hobgoblins
  7 jackals
  2 quokkas (D:4)
  4 bats
  5 frilled lizards
  7 goblins
  9 kobolds
  4 rats
262 creatures vanquished.

Vanquished Creatures (collateral kills)
  Pikel (D:8)
  2 yaks
  An ogre (D:4)
  A lemure (D:8)
  A howler monkey skeleton (D:4)
  An adder (D:4)
  2 orcs
9 creatures vanquished.

Vanquished Creatures (others)
  2 fungi (Lair:2)
  7 plants
9 creatures vanquished.

Grand Total: 280 creatures vanquished

Notes
Turn   | Place    | Note
-------+----------+-------------------------------------------
     0 | D:1      | Glokmah the Troll Chaos Knight began the quest for the Orb.
     0 | D:1      | Reached XP level 1. HP: 22/22 MP: 0/0
   117 | D:1      | Reached skill level 3 in Maces & Flails
   117 | D:1      | Reached XP level 2. HP: 29/29 MP: 1/1
   163 | D:1      | XOM: silly message
   171 | D:1      | Reached XP level 3. HP: 36/36 MP: 2/2
   279 | D:1      | XOM: noise
   314 | D:1      | Found a faded altar of an unknown god.
   394 | D:1      | XOM: give mutation
   394 | D:1      | Gained mutation: Armour fits poorly on your strangely
                  | shaped body. [Xom's mischief]
  1176 | D:2      | XOM: give mutations
  1176 | D:2      | Gained mutation: You are robust. (+10% HP) [Xom's mischief]
  1176 | D:2      | Gained mutation: You are clumsy. (Dex -2) [Xom's mischief]
  1398 | D:3      | XOM: give mutations
  1398 | D:3      | Gained mutation: You are weak. (Str -2) [Xom's mischief]
  1398 | D:3      | Gained mutation: You have a pair of small horns on your
                  | head. [Xom's mischief]
  1431 | D:3      | Found an ornate altar of the Wu Jian Council.
  1452 | D:3      | Found a runed translucent gate.
  1452 | D:3      | Found a runed translucent gate.
  1452 | D:3      | Noticed Kinoniko's ghost (amateur GnTm)
  1453 | D:3      | Found a runed translucent gate.
  1456 | D:3      | XOM: enchant monster (good)
  1466 | D:3      | Killed Kinoniko's ghost
  1467 | D:3      | Reached skill level 4 in Maces & Flails
  1467 | D:3      | Reached XP level 4. HP: 47/49 MP: 3/3
  1467 | D:3      | Reached XP level 5. HP: 56/58 MP: 4/4
  1492 | D:3      | XOM: god gift: long gold wand {god gift}
  1802 | D:3      | XOM: summons 2 hostile demons
  2044 | D:4      | Reached skill level 1 in Throwing
  2053 | D:4      | XOM: polymorph jackal -> endoplasm
  2359 | D:4      | Noticed an ogre
  2360 | D:4      | XOM: divination: detect creatures
  2362 | D:4      | XOM: summons 5 friendly demons
  2363 | D:4      | XOM: smoke on damage
  2364 | D:4      | Killed an ogre
  2365 | D:4      | Reached XP level 6. HP: 34/67 MP: 5/5
  2366 | D:4      | Found a staircase to the Ecumenical Temple.
  2663 | D:4      | XOM: god gift: staff of air
  2707 | D:5      | Entered Level 5 of the Dungeon
  2743 | D:5      | Noticed a water moccasin
  2754 | D:5      | Killed a water moccasin
  2755 | D:5      | Reached skill level 5 in Maces & Flails
  2862 | D:5      | Reached XP level 7. HP: 74/74 MP: 6/6
  2890 | D:5      | XOM: scenery: 2 doors open
  2902 | D:5      | Noticed Eustachio
  2903 | D:5      | Noticed Eustachio
  2903 | D:5      | Eustachio changed into Eustachio the gnoll
  2903 | D:5      | XOM: polymorph Eustachio -> Eustachio the gnoll
  2907 | D:5      | Killed Eustachio the gnoll
  2932 | D:5      | Identified the +6 flail of Conversion {drain, Int+9}
  2958 | D:5      | Found Uqyrphash's General Store.
  3103 | D:5      | Noticed Blork the orc
  3114 | D:5      | XOM: divination: magic mapping
  3119 | D:5      | Killed Blork the orc
  3164 | D:5      | Found a snail-covered altar of Cheibriados.
  3287 | D:5      | XOM: silly message
  3335 | D:5      | Noticed Edmund
  3341 | D:5      | XOM: potion effect (curing)
  3343 | D:5      | Killed Edmund
  3419 | D:5      | XOM: confuse monster(s)
  3425 | D:5      | Reached skill level 6 in Maces & Flails
  3425 | D:5      | Reached XP level 8. HP: 72/85 MP: 7/7
  3438 | D:5      | Bought 2 boomerangs of dispersal for 42 gold pieces
  3685 | D:6      | Noticed Maggie
  3685 | D:6      | Noticed Dowan
  3701 | D:6      | Killed Maggie
  3704 | D:6      | Killed Dowan
  3704 | D:6      | Noticed Duvessa
  3737 | D:6      | XOM: enchant monster (bad)
  3746 | D:6      | Killed Duvessa
  3747 | D:6      | Reached skill level 5 in Throwing
  3810 | D:6      | XOM: 7-stop teleportation journey
  3814 | D:6      | XOM: summons friendly crimson imp
  3824 | D:6      | XOM: potion effect (curing)
  3825 | D:6      | Reached skill level 7 in Maces & Flails
  3831 | D:6      | Reached XP level 9. HP: 86/93 MP: 8/8
  3895 | D:6      | Noticed a cyclops
  3911 | D:6      | Killed a cyclops
  3912 | D:6      | Reached skill level 5 in Fighting
  3979 | D:6      | XOM: divination: detect items
  4198 | D:6      | Found a shimmering blue altar of Sif Muna.
  4198 | D:6      | Found a blossoming altar of Fedhas.
  4273 | D:7      | XOM: silly message
  4281 | D:7      | XOM: smoke on damage
  4290 | D:7      | XOM: potion effect (brilliance)
  4295 | D:7      | XOM: silly message
  4297 | D:7      | XOM: potion effect (heal wounds)
  4300 | D:7      | XOM: potion effect (experience)
  4300 | D:7      | Reached skill level 12 in Maces & Flails
  4300 | D:7      | Reached XP level 10. HP: 71/105 MP: 9/9
  4304 | D:7      | Reached skill level 5 in Dodging
  4323 | D:7      | XOM: potion effect (invisibility)
  4328 | D:7      | Found an iron altar of Okawaru.
  4372 | D:7      | XOM: divination: detect creatures
  4441 | D:7      | XOM: divination: detect creatures
  4491 | D:7      | Found an opulent altar of Gozag.
  4527 | D:7      | Found a broken altar of Ashenzari.
  4529 | D:7      | Found a shimmering altar of Xom.
  4529 | D:7      | Found a shadowy altar of Dithmenos.
  4531 | D:7      | Found a basalt altar of Yredelemnul.
  4531 | D:7      | Found a shimmering altar of Xom.
  4531 | D:7      | Found a shimmering altar of Xom.
  4659 | D:7      | XOM: give mutation
  4659 | D:7      | Gained mutation: Your body sometimes deteriorates upon
                  | taking damage. [Xom's mischief]
  4697 | D:7      | Identified the +9 whip of Linearity {flame, rElec Str+3}
  4751 | D:7      | Found a hide-covered altar of Uskayaw.
  4756 | D:7      | XOM: silly message
  4776 | D:7      | XOM: summons 3 hostile demons
  4913 | D:8      | Noticed Harold
  4924 | D:8      | Killed Harold
  4929 | D:8      | XOM: noise
  4931 | D:8      | Noticed Maurice
  4989 | D:8      | XOM: cleaving
  4994 | D:8      | Reached XP level 11. HP: 75/114 MP: 10/10
  5097 | D:8      | Noticed Pikel
  5098 | D:8      | XOM: 2-stop teleportation journey
  5128 | D:8      | XOM: scenery: 1 doors open
  5145 | D:8      | XOM: cast spell 'Monstrous Menagerie'
  5165 | D:8      | Killed Pikel
  5180 | D:8      | XOM: stat loss: -1 Dex (8/9)
  5196 | D:8      | Noticed Prince Ribbit
  5204 | D:8      | Killed Prince Ribbit
  5426 | D:8      | XOM: summons 6 hostile demons
  5428 | D:8      | Killed Maurice
  6235 | D:9      | XOM: silly message
  6384 | D:9      | Found a staircase to the Lair.
  6457 | D:9      | Found a shadowy altar of Dithmenos.
  7009 | D:9      | Reached skill level 13 in Maces & Flails
  7026 | D:9      | XOM: give mutations
  7026 | D:9      | Gained mutation: You have supernaturally acute eyesight.
                  | (SInv) [Xom's mischief]
  7026 | D:9      | Gained mutation: You are very clumsy. (Dex -4) [Xom's
                  | mischief]
  7135 | D:9      | XOM is BORED!
  7148 | D:9      | XOM: noise
  7169 | D:10     | Entered Level 10 of the Dungeon
  7183 | D:10     | XOM: summons friendly iron imp
  7230 | D:10     | Found a sparkling altar of Nemelex Xobeh.
  7659 | D:10     | Found a staircase to the Orcish Mines.
  7675 | D:10     | XOM: summons friendly iron imp
  7768 | D:10     | XOM: potion effect (might)
  7926 | D:10     | XOM: confuse monster(s)
  7937 | D:10     | Identified the +2 hand crossbow of Accord {freeze, rN+
                  | Str+3 Stlth-}
  8011 | D:10     | XOM: confusion (+ monsters)
  8652 | Lair:1   | Entered Level 1 of the Lair of Beasts
  8776 | Lair:1   | Lost mutation: You have a pair of small horns on your head.
                  | [potion of mutation]
  8776 | Lair:1   | Lost mutation: You are very clumsy. (Dex -4) [potion of
                  | mutation]
  8776 | Lair:1   | Gained mutation: You expend magic power (3 MP) to
                  | strengthen your wands. [potion of mutation]
  8776 | Lair:1   | Gained mutation: Your flesh is cold resistant. (rC+)
                  | [potion of mutation]
  8776 | Lair:1   | Gained mutation: You have a beak for a mouth. [potion of
                  | mutation]
  9082 | Lair:1   | XOM: silly message
  9188 | Lair:1   | Identified the +6 quarterstaff "Abing" {vorpal, Int+3
                  | Dex+2}
  9344 | Lair:2   | XOM: fake destruction
  9355 | Lair:1   | Reached XP level 12. HP: 30/126 MP: 11/11
  9477 | Lair:2   | XOM: enchant monster (good)
  9539 | Lair:2   | XOM: swap monsters
  9771 | Lair:2   | Found a staircase to the Swamp.
  9775 | Lair:2   | XOM: cast spell 'Call Canine Familiar'
  9778 | Lair:2   | HP: 3/126 [bog body (13)]
  9780 | Lair:2   | Killed from afar by an electric eel

Illustrated notes

Levels and vault maps discovered:
D:1:      matt_arrival_los_fun, layout_basic,
          dilly_ecumenical_altar_fadedgnrine, minmay_domino_4
D:2:      layout_basic, serial_bayou_lagoon_a
D:3:      layout_basic, nicolae_wu_jian_wuxing_cycle, ebering_ghost_rock_garden,
          grunt_ministairs_7, hex_tiny
D:4:      layout_rooms, minmay_temple_entry_sparse_star
D:5:      layout_gridville, kennysheep_slug_shrine, serial_glass,
          glass_columns_c, glass_columns_b, minmay_strange_pillars,
          feat_on_display, feat_on_display, kennysheep_windowed_goal,
          uniq_eustachio, uniq_edmund, uniq_blork_the_orc
D:6:      layout_rooms, gammafunk_temple_overflow_statue, chequers_garden,
          uniq_maggie, uniq_duvessa
D:7:      layout_rooms, kennysheep_little_box, lemuel_coloured_pillars_altar,
          okawaru_humans, doesnt_xom_only_xom
D:8:      mumra_celtic_spiral_tile, layout_basic, uniq_harold,
          uniq_prince_ribbit1, uniq_maurice, uniq_pikel
D:9:      layout_long_grid, lemuel_crystal_altar, david_lair_shrubbed,
          nicolae_lava_and_water
D:10:     layout_layer_cave, nemelex_xobeh_ov_fountains_minmay,
          minmay_orc_entry_temple_small
Lair:1:   layout_regular_city
Lair:2:   layout_hall_layers, nicolae_swamp_entry_splash_gauntlet, basic_altar,
          beast_lair_carwin_11, serial_bayou_shore_a

Skill      XL: |  1  2  3  4  5  6  7  8  9 10 11 12 |
---------------+-------------------------------------+-----
Dodging        | 2 3 4 5 6 |  6.3
Maces & Flails | 3 4 5 6 7 12 13 | 13.4
Fighting       | 3 4 5 6 |  6.6
Throwing       | 1 2 4 5 6 7 8 9 |  9.1

Action                   |  1- 3 |  4- 6 |  7- 9 | 10-12 || total
-------------------------+-------+-------+-------+-------++-------
Melee: Mace              |   130 |    92 |       |       ||   222
       Headbutt          |       |    10 |    29 |    72 ||   111
       Giant spiked club |       |    24 |    12 |   170 ||   206
       Flail             |       |       |   161 |    52 ||   213
       Whip              |       |       |       |   267 ||   267
       Peck              |       |       |       |    10 ||    10
Throw: Large rock        |       |     6 |     5 |    22 ||    33
       Dart              |       |       |       |     1 ||     1
  Use: Scroll            |       |     8 |     4 |    11 ||    23
       Potion            |       |       |     4 |     5 ||     9
 Stab: Sleeping          |     1 |       |       |       ||     1
       Paralysed         |       |     2 |       |       ||     2
       Petrified         |       |       |       |     1 ||     1
Armor: Robe              |    56 |    49 |    47 |       ||   152
       Swamp dragon scal |       |       |     6 |   120 ||   126
Dodge: Dodged            |    70 |    67 |    82 |   181 ||   400
Block: Other             |     2 |    35 |    41 |   101 ||   179
       Reflection        |       |       |     1 |     4 ||     5

Table legend: (Time is in decaauts)
 A = Elapsed time spent in this place.
 B = Non-inter-level travel time spent in this place.
 C = Inter-level travel time spent in this place.
 D = Time resting spent in this place.
 E = Time spent auto-exploring this place.
 F = Levels seen in this place.
 G = Mean time per level.
                   A        B        C        D        E       F      G
               +--------+--------+--------+--------+--------+-----+--------+
         Total |   9802 |   9102 |    700 |     97 |   6889 |  12 |  816.8 |
       Dungeon |   8652 |   8001 |    651 |     15 |   6097 |  10 |  865.2 |
          Lair |   1150 |   1102 |     48 |     82 |    791 |   2 |  575.0 |
               +--------+--------+--------+--------+--------+-----+--------+

Top non-repeatable levels by time:
    D:10: 1431 daAuts
     D:8: 1210 daAuts
     D:9: 1019 daAuts
     D:5: 942 daAuts
     D:3: 833 daAuts
  Lair:1: 819 daAuts
     D:2: 783 daAuts
     D:1: 639 daAuts
     D:7: 636 daAuts
     D:6: 601 daAuts
     D:4: 554 daAuts
  Lair:2: 330 daAuts
